SNL (28 & UNDER)
GAINESVILLE GUIDOS @ SALEM SILVER SOULS
04/12/2028
 
TOP OF THE 1ST
Gainesville Guidos batting - Pitching for Salem Silver Souls : RHP António Rodríguez
Pitching: RHP António Rodríguez
Batting: SHB Cornell Payne 0-0: Ball
1-0: Ball
2-0: Ground out 3-1 (Groundball, 2R)
Batting: RHB Juan Reyes 0-0: SINGLE (Groundball, 56D)
Batting: LHB Mark Owens 0-0: Foul Ball, location: 2F
0-1: Fly out, F8 (Flyball, 8LM)
Batting: RHB Kyle O'Day 0-0: Ball
1-0: Ball
2-0: Fly out, F3 (Line Drive, 3)
Top of the 1st over - 0 run(s), 1 hit(s), 0 error(s), 1 left on base; Gainesville 0 - Salem 0
BOTTOM OF THE 1ST
Salem Silver Souls batting - Pitching for Gainesville Guidos : LHP Ben Head
Pitching: LHP Ben Head
Batting: SHB Tony Yan 0-0: Called Strike
0-1: Ball
1-1: Foul Ball, location: 2F
1-2: Ground out 6-3 (Groundball, 6)
Batting: LHB Jermaine Carter 0-0: Ball
1-0: Ball
2-0: Ball
3-0: Base on Balls
Batting: LHB Joel Nelson 0-0: Swinging Strike
0-1: Ball
1-1: Fly out, F3 (Popup, 3S)
Batting: SHB Dawson Fowler 0-0: Ball
1-0: Ball
2-0: Ball
Wild Pitch!
Jermaine Carter to second
3-0: Called Strike
3-1: Called Strike
3-2: Foul Ball, location: 2F
3-2: Strikes out swinging
Bottom of the 1st over - 0 run(s), 0 hit(s), 0 error(s), 1 left on base; Gainesville 0 - Salem 0
TOP OF THE 2ND
Gainesville Guidos batting - Pitching for Salem Silver Souls : RHP António Rodríguez
Batting: LHB Eddy Jefferson 0-0: Swinging Strike
0-1: Ball
1-1: Fly out, F8 (Flyball, 8RXD)
Batting: RHB Augusto Baca 0-0: Called Strike
0-1: Ball
1-1: Ball
2-1: DOUBLE (Flyball, 89D)
Batting: RHB Denver Baker 0-0: Called Strike
0-1: Ball
1-1: Ball
2-1: Fly out, F8 (Flyball, 8LS)
Batting: LHB Robbie Turner 0-0: Called Strike
0-1: Ball
1-1: Ground out 4-3 (Groundball, 4)
Top of the 2nd over - 0 run(s), 1 hit(s), 0 error(s), 1 left on base; Gainesville 0 - Salem 0
BOTTOM OF THE 2ND
Salem Silver Souls batting - Pitching for Gainesville Guidos : LHP Ben Head
Batting: LHB Hamilton Hughes 0-0: Foul Ball, location: 2F
0-1: SINGLE (Groundball, 5) (infield hit)
Batting: RHB Tom Hughes 0-0: Foul Ball, location: 2F
0-1: Ball
1-1: Foul Ball, location: 2F
1-2: Ball
2-2: Strikes out swinging
Batting: RHB Augusto Baiano 0-0: Ball
1-0: SINGLE (Groundball, 6MD)
Hamilton Hughes to second
Batting: RHB Jim Villiers 0-0: Ball
1-0: Ball
2-0: Ball
3-0: Called Strike
3-1: Foul Ball, location: 2F
3-2: Foul Ball, location: 2F
3-2: Base on Balls
Hamilton Hughes to third
Augusto Baiano to second
Batting: RHB Jaime Rodríguez 0-0: Ball
1-0: Called Strike
1-1: Called Strike
1-2: Strikes out looking
Batting: SHB Tony Yan 0-0: Foul Ball, location: 2F
0-1: Swinging Strike
0-2: Strikes out looking
Bottom of the 2nd over - 0 run(s), 2 hit(s), 0 error(s), 3 left on base; Gainesville 0 - Salem 0
TOP OF THE 3RD
Gainesville Guidos batting - Pitching for Salem Silver Souls : RHP António Rodríguez
Batting: RHB Adrián López 0-0: Called Strike
0-1: Called Strike
0-2: Ball
1-2: Fly out, F9 (Flyball, 9)
Batting: SHB Cornell Payne 0-0: SOLO HOME RUN (Flyball, 9LD), Distance : 347 ft
Batting: RHB Juan Reyes 0-0: Ball
1-0: Foul Ball, location: 2F
1-1: Ball
2-1: SINGLE (Groundball, 4MD)
Batting: LHB Mark Owens 0-0: Fly out, F7 (Line Drive, 7S)
Batting: RHB Kyle O'Day 0-0: Foul Ball, location: 2F
0-1: Called Strike
0-2: Foul Ball, location: 2F
0-2: Fly out, F8 (Line Drive, 8RS)
Top of the 3rd over - 1 run(s), 2 hit(s), 0 error(s), 1 left on base; Gainesville 1 - Salem 0
BOTTOM OF THE 3RD
Salem Silver Souls batting - Pitching for Gainesville Guidos : LHP Ben Head
Batting: LHB Jermaine Carter 0-0: Ball
1-0: Swinging Strike
1-1: Swinging Strike
1-2: Foul Ball, location: 2F
1-2: Ball
2-2: Foul Ball, location: 2F
2-2: Ball
3-2: Base on Balls
Batting: LHB Joel Nelson 0-0: Called Strike
0-1: Foul Ball, location: 2F
0-2: Ball
1-2: Ball
2-2: SINGLE (Groundball, 6MD)
Jermaine Carter to second
Batting: SHB Dawson Fowler 0-0: Called Strike
0-1: Ball
1-1: Foul Ball, location: 2F
1-2: Ground out 5-3 (Groundball, 56S)
Jermaine Carter to third
Joel Nelson to second
Batting: LHB Hamilton Hughes 0-0: Ball
1-0: Foul Ball, location: 2F
1-1: Ball
2-1: Swinging Strike
2-2: Ground out 5-3 (Groundball, 56S)
Jermaine Carter scores
Joel Nelson to third
Batting: RHB Tom Hughes 0-0: Ball
1-0: Fly out, F7 (Flyball, 7LMF)
Bottom of the 3rd over - 1 run(s), 1 hit(s), 0 error(s), 1 left on base; Gainesville 1 - Salem 1
TOP OF THE 4TH
Gainesville Guidos batting - Pitching for Salem Silver Souls : RHP António Rodríguez
Batting: LHB Eddy Jefferson 0-0: Ball
1-0: Ball
2-0: Called Strike
2-1: Called Strike
2-2: Ball
3-2: Ground out 4-3 (Groundball, 4)
Batting: RHB Augusto Baca 0-0: Ball
1-0: Ball
2-0: Foul Ball, location: 2F
2-1: Ball
3-1: Base on Balls
Batting: RHB Denver Baker 0-0: Called Strike
0-1: Foul Ball, location: 2F
0-2: Strikes out looking
Batting: LHB Robbie Turner 0-0: Fly out, F4 (Line Drive, 34)
Top of the 4th over - 0 run(s), 0 hit(s), 0 error(s), 1 left on base; Gainesville 1 - Salem 1
BOTTOM OF THE 4TH
Salem Silver Souls batting - Pitching for Gainesville Guidos : LHP Ben Head
Batting: RHB Augusto Baiano 0-0: Foul Ball, location: 2F
0-1: Ball
1-1: Fly out, F3 (Popup, 34)
Batting: RHB Jim Villiers 0-0: Foul Ball, location: 2F
0-1: Ball
1-1: Foul Ball, location: 2F
1-2: Foul Ball, location: 2F
1-2: DOUBLE (Line Drive, 89D)
Batting: RHB Jaime Rodríguez 0-0: Called Strike
0-1: Ball
1-1: Ball
2-1: 2-RUN HOME RUN (Flyball, 78XD), Distance : 425 ft
Batting: SHB Tony Yan 0-0: Ball
1-0: Ball
2-0: Foul Ball, location: 2F
2-1: Called Strike
2-2: Fly out, F8 (Flyball, 8LS)
Batting: LHB Jermaine Carter 0-0: Ball
1-0: Fly out, F7 (Flyball, 7S)
Bottom of the 4th over - 2 run(s), 2 hit(s), 0 error(s), 0 left on base; Gainesville 1 - Salem 3
TOP OF THE 5TH
Gainesville Guidos batting - Pitching for Salem Silver Souls : RHP António Rodríguez
Batting: RHB Adrián López 0-0: Ball
1-0: Ball
2-0: Called Strike
2-1: Ground out 6-3 (Groundball, 6)
Batting: SHB Cornell Payne 0-0: Called Strike
0-1: Foul Ball, location: 2F
0-2: Foul Ball, location: 2F
0-2: Ball
1-2: Foul Ball, location: 2F
1-2: Ball
2-2: SINGLE (Flyball, 8RS)
Batting: RHB Juan Reyes 0-0: Called Strike
0-1: Ball
1-1: Ball
2-1: Foul Ball, location: 2F
2-2: Strikes out swinging
Pitching: RHP Bob Bartell
Batting: LHB Mark Owens 0-0: Ball
1-0: Called Strike
1-1: Ball
2-1: Ball
3-1: Called Strike
3-2: Base on Balls
Cornell Payne to second
Batting: RHB Kyle O'Day 0-0: Foul Ball, location: 2F
0-1: Fielders Choice at 2nd, 6-4 (Groundball, 6)
Top of the 5th over - 0 run(s), 1 hit(s), 0 error(s), 1 left on base; Gainesville 1 - Salem 3
BOTTOM OF THE 5TH
Salem Silver Souls batting - Pitching for Gainesville Guidos : LHP Ben Head
Batting: LHB Joel Nelson 0-0: Ball
1-0: Ball
2-0: Ball
3-0: Base on Balls
Batting: SHB Dawson Fowler 0-0: Ball
1-0: Ball
2-0: Ball
3-0: Called Strike
3-1: Base on Balls
Joel Nelson to second
Batting: LHB Hamilton Hughes 0-0: Ball
1-0: Called Strike
1-1: Foul Ball, location: 2F
1-2: Fly out, F9 (Line Drive, 9)
Pitching: RHP Juan Mora
Batting: RHB Tom Hughes 0-0: Ball
1-0: Called Strike
Joel Nelson steals 3rd base
Dawson Fowler to second
1-1: Intentional Walk
Batting: RHB Augusto Baiano 0-0: Swinging Strike
0-1: Ball
1-1: Ball
2-1: Swinging Strike
2-2: Strikes out swinging
Batting: RHB Jim Villiers 0-0: Called Strike
0-1: Ball
1-1: Ball
2-1: Called Strike
2-2: Strikes out swinging
Bottom of the 5th over - 0 run(s), 0 hit(s), 0 error(s), 3 left on base; Gainesville 1 - Salem 3
TOP OF THE 6TH
Gainesville Guidos batting - Pitching for Salem Silver Souls : RHP Bob Bartell
Batting: LHB Eddy Jefferson 0-0: Called Strike
0-1: Called Strike
0-2: Ground out 4-3 (Groundball, 4)
Batting: RHB Augusto Baca 0-0: Ball
1-0: Ball
2-0: Ball
3-0: Base on Balls
Batting: RHB Denver Baker 0-0: Called Strike
0-1: Ball
1-1: Swinging Strike
1-2: Ball
2-2: Foul Ball, location: 2F
2-2: Foul Ball, location: 2F
2-2: Foul Ball, location: 2F
2-2: Foul Ball, location: 2F
2-2: DOUBLE (Groundball, 3L)
Augusto Baca to third
Runner from 3rd tries for Home, SAFE, throw made home
Batting: LHB Robbie Turner 0-0: Ball
1-0: Ball
2-0: Called Strike
2-1: Swinging Strike
2-2: SINGLE (Groundball, 4MD)
Denver Baker to third
Runner from 3rd tries for Home, SAFE, throw made home
Robbie Turner to second
Batting: RHB Adrián López 0-0: Called Strike
0-1: Swinging Strike
0-2: Strikes out looking
Batting: SHB Cornell Payne 0-0: Ball
1-0: Called Strike
1-1: Foul Ball, location: 2F
1-2: Ball
2-2: Foul Ball, location: 2F
2-2: Foul Ball, location: 2F
2-2: Ball
3-2: Strikes out swinging
Top of the 6th over - 2 run(s), 2 hit(s), 0 error(s), 1 left on base; Gainesville 3 - Salem 3
BOTTOM OF THE 6TH
Salem Silver Souls batting - Pitching for Gainesville Guidos : RHP Juan Mora
Batting: RHB Jaime Rodríguez 0-0: Ball
1-0: SINGLE (Flyball, 8RS)
Batting: SHB Tony Yan 0-0: Ball
1-0: Foul Ball, location: 2F
1-1: Grounds into double play, 4-6-3 (Groundball, 34)
Batting: LHB Jermaine Carter 0-0: Ball
1-0: SINGLE (Groundball, 4M) (infield hit)
Batting: LHB Joel Nelson 0-0: Ball
1-0: Called Strike
1-1: Foul Ball, location: 2F
1-2: Ground out 4-3 (Groundball, 34)
Bottom of the 6th over - 0 run(s), 2 hit(s), 0 error(s), 1 left on base; Gainesville 3 - Salem 3
TOP OF THE 7TH
Gainesville Guidos batting - Pitching for Salem Silver Souls : RHP Bob Bartell
Pitching: RHP Andy Hickey
Batting: RHB Juan Reyes 0-0: Swinging Strike
0-1: Fly out, F7 (Flyball, 7LM)
Batting: LHB Mark Owens 0-0: Foul Ball, location: 2F
0-1: Ball
1-1: Swinging Strike
1-2: Foul Ball, location: 2F
1-2: SINGLE (Line Drive, 6M)
Batting: RHB Kyle O'Day 0-0: Ball
1-0: Ball
2-0: Ball
3-0: Called Strike
3-1: Swinging Strike
3-2: Foul Ball, location: 2F
3-2: Fly out, F4 (Popup, 4)
Batting: LHB Eddy Jefferson 0-0: Called Strike
0-1: Ball
1-1: Foul Ball, location: 2F
1-2: Ball
2-2: Ball
3-2: Foul Ball, location: 2F
3-2: Foul Ball, location: 2F
3-2: Foul Ball, location: 2F
3-2: SINGLE (Groundball, 4MD)
Mark Owens to second
Mark Owens to third
Batting: RHB Augusto Baca 0-0: Called Strike
0-1: Foul Ball, location: 2F
0-2: Ball
1-2: Ball
2-2: Strikes out looking
Top of the 7th over - 0 run(s), 2 hit(s), 0 error(s), 2 left on base; Gainesville 3 - Salem 3
BOTTOM OF THE 7TH
Salem Silver Souls batting - Pitching for Gainesville Guidos : RHP Juan Mora
Batting: SHB Dawson Fowler 0-0: Ball
1-0: Foul Ball, location: 2F
1-1: Ground out 3-1 (Groundball, 34S)
Batting: LHB Hamilton Hughes 0-0: Ball
1-0: Ball
2-0: SINGLE (Groundball, 56D)
Batting: RHB Tom Hughes 0-0: Swinging Strike
0-1: SINGLE (Groundball, 56D)
Hamilton Hughes to second
Pinch Runner at 2nd Lyle Wilson:
Pinch Hitting: SHB Jesús Sosa 0-0: Swinging Strike
0-1: Ball
1-1: Fielders Choice at 2nd, 3-6 (Groundball, 34)
Lyle Wilson to third
Batting: RHB Jim Villiers 0-0: SINGLE (Groundball, 6MD)
Lyle Wilson scores
Jesús Sosa to second
Batting: RHB Jaime Rodríguez 0-0: Called Strike
0-1: Ball
1-1: Swinging Strike
1-2: Ground out 5-3 (Groundball, 5S)
Bottom of the 7th over - 1 run(s), 3 hit(s), 0 error(s), 2 left on base; Gainesville 3 - Salem 4
TOP OF THE 8TH
Gainesville Guidos batting - Pitching for Salem Silver Souls : RHP Andy Hickey
Pitching: RHP Ramón Marerro
Now at 1B: Lyle Wilson
Now at 3B: Francis Shaffer
Batting: RHB Denver Baker 0-0: Ball
1-0: Ball
2-0: Ball
3-0: Called Strike
3-1: Base on Balls
Pinch Runner at 1st Mark McDonald:
Pinch Hitting: LHB Pedro Juárez 0-0: Ball
1-0: Bunted foul
1-1: Sac Bunt - play at first, batter OUT! 1-4
Mark McDonald to second
Batting: RHB Adrián López 0-0: Swinging Strike
0-1: Ball
1-1: Ground out 6-3 (Groundball, 56)
Batting: SHB Cornell Payne 0-0: Ball
1-0: Ball
2-0: Foul Ball, location: 2F
2-1: Called Strike
2-2: Ball
3-2: Foul Ball, location: 2F
3-2: Ground out 6-3 (Groundball, 6M)
Top of the 8th over - 0 run(s), 0 hit(s), 0 error(s), 1 left on base; Gainesville 3 - Salem 4
BOTTOM OF THE 8TH
Salem Silver Souls batting - Pitching for Gainesville Guidos : RHP Juan Mora
Now at SS: Iván Moreno
Now in RF: Mark McDonald
Batting: SHB Tony Yan 0-0: Called Strike
0-1: Ball
1-1: Ball
2-1: Fly out, F3 (Line Drive, 34)
Pitching: RHP Víctor Vińa
Batting: LHB Jermaine Carter 0-0: Ball
1-0: SINGLE (Line Drive, 8LS)
Batting: LHB Joel Nelson 0-0: Ball
Jermaine Carter steals 2nd base
1-0: Swinging Strike
1-1: Ball
2-1: Ground out 6-3 (Groundball, 6M)
Jermaine Carter to third
Batting: SHB Dawson Fowler 0-0: Called Strike
0-1: Foul Ball, location: 2F
0-2: Ball
1-2: Ball
2-2: Ball
3-2: Base on Balls
Batting: LHB Lyle Wilson 0-0: Ball
1-0: Ball
2-0: SINGLE (Groundball, 34D)
Jermaine Carter scores
Dawson Fowler to second
Runner from 2nd tries for 3rd, SAFE, throw made to third
Batting: RHB Tom Hughes 0-0: Ball
1-0: Ball
2-0: Ball
3-0: Base on Balls
Lyle Wilson to second
Batting: SHB Francis Shaffer 0-0: Called Strike
0-1: Ball
1-1: Foul Ball, location: 2F
1-2: Ball
2-2: DOUBLE (Line Drive, 78D)
Dawson Fowler scores
Lyle Wilson scores
Tom Hughes to third
Runner from 3rd tries for Home, SAFE, no throw
Pitching: RHP Gustavo Ávila
Batting: RHB Jim Villiers 0-0: Ball
1-0: Ball
2-0: Ball
3-0: Base on Balls
Batting: RHB Jaime Rodríguez 0-0: Ball
1-0: Foul Ball, location: 2F
1-1: DOUBLE (Flyball, 78D)
Francis Shaffer scores
Jim Villiers to third
Batting: SHB Tony Yan 0-0: Ball
1-0: SINGLE (Line Drive, 89S)
Jim Villiers scores
Jaime Rodríguez to third
Runner from 3rd tries for Home, SAFE, no throw
Batting: LHB Jermaine Carter 0-0: Called Strike
0-1: Hit by Pitch
Tony Yan to second
Pinch Runner at 1st Adam Thomas:
Batting: LHB Joel Nelson 0-0: Fielders Choice at 2nd, 4-6 (Groundball, 4)
Bottom of the 8th over - 7 run(s), 5 hit(s), 0 error(s), 1 left on base; Gainesville 3 - Salem 11
TOP OF THE 9TH
Gainesville Guidos batting - Pitching for Salem Silver Souls : RHP Ramón Marerro
Now in CF: Adam Thomas
Batting: RHB Juan Reyes 0-0: Ball
1-0: Ball
2-0: Called Strike
2-1: Ground out 1-3 (Groundball, P)
Batting: LHB Mark Owens 0-0: Foul Ball, location: 2F
0-1: Swinging Strike
0-2: Ball
1-2: Strikes out looking
Batting: RHB Kyle O'Day 0-0: DOUBLE (Line Drive, 5D)
Batting: LHB Eddy Jefferson 0-0: Ground out 6-3 (Groundball, 6MD)
Top of the 9th over - 0 run(s), 1 hit(s), 0 error(s), 1 left on base; Gainesville 3 - Salem 11
Tuesday, August 8th, 2017 - OOTP Baseball 17.12 Build 75